 Dungeon Crawl Stone Soup version 0.31-a0-182-gc5ef74bbde (webtiles) character file.

Game seed: 14844803021459814652

403 qw the Chopper (level 6, -1/39 HPs)
             Began as a Gargoyle Fighter on June 21, 2023.
             Slain by Eustachio
             ... wielding a +0 falchion
              (2 damage)
             ... on level 5 of the Dungeon.
             The game lasted 00:01:04 (2112 turns).

qw the Chopper (Gargoyle Fighter)                   Turns: 2112, Time: 00:01:05

Health: -1/39      AC: 11    Str: 22      XL:     6   Next: 86%
Magic:  6/6        EV:  9    Int:  8      God:
Gold:   131        SH:  4    Dex:  7 (9)  Spells: 5/5 levels left

rFire   . . .        Y - +0 war axe
rCold   . . .        c - +0 buckler
rNeg    + . .        b - +0 scale mail
rPois   inf          (no helmet)
rElec   +            (no cloak)
rCorr   .            (no gloves)
SInv    .            (no boots)
Will    .....        (no amulet) Stlth
                     (no ring)
HPRegen 0.26/turn    (no ring)
MPRegen 0.10/turn

%: no passive effects
@: no status effects
A: sickness immunity, AC +4, negative energy resistance 1, electricity
resistance, torment resistance 1, petrification resistance
a: no special abilities


You were on level 5 of the Dungeon.
You visited 1 branch of the dungeon, and saw 4 of its levels.

You collected 131 gold pieces.


Innate Abilities, Weirdness & Mutations

You are immune to sickness and miasma.
Your stone body is resilient. (AC +4)
You are immune to poison.
You resist negative energy. (rN+)
You are resistant to electric shocks. (rElec)
You are resistant to unholy torment.
You are immune to petrification.


   Skills:
 - Level 4.6 Fighting
 + Level 5.1 Axes
 - Level 2.2 Throwing
 - Level 3.2 Armour
 - Level 0.8 Dodging
 - Level 3.2 Shields


You had 5 spell levels left.
You didn't know any spells.
Your spell library was empty.

Inventory:

Hand Weapons
 e - a +1 mace of protection
 Y - a +0 war axe (weapon)
Armour
 b - a +0 scale mail (worn)
 c - a +0 buckler (worn)
Scrolls
 g - a scroll of identify
Potions
 d - a potion of might
 f - a potion of berserk rage {unknown}
 h - a potion of brilliance {unknown}

Dungeon Overview and Level Annotations

Branches:
Dungeon (3/15)

Altars:

Shops:
D:2 (

Annotations:
D:5 Eustachio


Message History

The iron imp closely misses you.
You hit the iron imp.
The iron imp is heavily wounded.
The iron imp hits you!
You hit the iron imp.
The iron imp is almost dead.
The iron imp disappears in a puff of smoke!
The bat hits you but does no damage.
You barely miss Eustachio.
Eustachio is heavily wounded.
Eustachio casts a spell.
Eustachio blinks!
You slash the shadow imp!
You kill the shadow imp!
The shadow imp disappears in a puff of smoke!
The bat hits you but does no damage.
Eustachio gestures wildly while chanting.
The bat hits you but does no damage.
You hit the bat.
The bat is severely wounded.
The bat closely misses you.
Eustachio twirls his moustache.
The crimson imp sputters.
You closely miss Eustachio.
Eustachio is heavily wounded.
You hit the quokka. You block the quokka's attack.
Eustachio hits you but does no damage.
The quokka bites you but does no damage.
You miss Eustachio.
Eustachio is heavily wounded.
You closely miss the quokka. Eustachio hits you with a +0 falchion.
The quokka bites you.
You closely miss Eustachio.
Eustachio is heavily wounded.
You slash the quokka!
You kill the quokka!
The quokka's corpse disappears in a puff of smoke!
The bat hits you but does no damage. Eustachio hits you but does no damage.
You block the bat's attack. Eustachio hits you with a +0 falchion.
You die...

...# #. #..# ## #..# #
#+ ..# #.### .(. ..#
#.... (... ### #.# #####
....$ ##.###.# #
......####...##.########
......b@@55........%....
......####...##.####.###
.)... #......# #.###
.... ##.##### #.#.. ...
#.# #.#.# #+ #.# #.#.#
#.# #.... #.# ###.. ..#
#..


You could see Eustachio, a quasit (summoned), a crimson imp (summoned) and a bat
(summoned).

Vanquished Creatures
  A black bear (D:5)
  A phantom (D:5)
  2 scorpions (D:2)
  Jessica (D:2)
  An iguana (D:5)
  2 adders (D:2)
  A gnoll (D:1)
  A worm (D:5)
  3 dart slugs
  An orc (D:5)
  2 endoplasms
  A giant cockroach (D:1)
  4 goblins
  A hobgoblin (D:2)
  2 jackals (D:1)
  7 ball pythons
  3 bats (D:1)
  3 frilled lizards
  5 kobolds
  4 rats (D:1)
46 creatures vanquished.

Notes
Turn   | Place    | Note
-------+----------+-------------------------------------------
     0 | D:1      | qw the Gargoyle Fighter began the quest for the Orb.
     0 | D:1      | Reached XP level 1. HP: 14/14 MP: 1/1
     0 | D:1      | 0 ||| qw: Version: 0.3-a-9-g12657ce
     0 | D:1      | 0 ||| qw: Game counter: 1609
     0 | D:1      | 0 ||| qw: Always use a shield: true
     0 | D:1      | 0 ||| qw: God list: Okawaru
     0 | D:1      | 0 ||| qw: Allow faded altars: false
     0 | D:1      | 0 ||| qw: Do Orc after D:15 true
     0 | D:1      | 0 ||| qw: Do second Lair branch before Depths: true
     0 | D:1      | 0 ||| qw: Lair rune preference: random
     0 | D:1      | 0 ||| qw: Plans: Normal, Zot:1-4, Slime:5, God:TSO, Crypt,
                  | Tomb, Abyss, Pan, Hells, Win
     0 | D:1      | 0 ||| PLANNING D:1-11
   104 | D:1      | 104 ||| Stepping ~*~*~tactically~*~*~ (stealth).
   106 | D:1      | 106 ||| Stepping ~*~*~tactically~*~*~ (stealth).
   111 | D:1      | Reached skill level 2 in Axes
   114 | D:1      | 114 ||| Stepping ~*~*~tactically~*~*~ (stealth).
   153 | D:1      | Reached XP level 2. HP: 19/19 MP: 2/2
   296 | D:1      | HP: 3/19 [gnoll/+0 spear (4)]
   389 | D:1      | Reached skill level 3 in Axes
   426 | D:1      | Reached XP level 3. HP: 21/23 MP: 3/3
   877 | D:1      | 877 ||| READING scroll labelled HUNLUULYWNE.
   878 | D:1      | 878 ||| READING scroll labelled MYSOSO KOSS.
   904 | D:2      | Noticed Jessica
   908 | D:2      | Killed Jessica
   909 | D:2      | Reached XP level 4. HP: 28/28 MP: 4/4
   910 | D:2      | Noticed a scorpion
   918 | D:2      | Killed a scorpion
   919 | D:2      | Reached skill level 4 in Axes
   919 | D:2      | Reached XP level 5. HP: 23/32 MP: 5/5
   986 | D:2      | Reached skill level 5 in Axes
  1078 | D:2      | 1078 ||| Stepping ~*~*~tactically~*~*~ (stealth).
  1080 | D:2      | 1080 ||| Stepping ~*~*~tactically~*~*~ (hiding).
  1141 | D:2      | Found Qerajas's Antique Weapon Shop.
  1159 | D:2      | 1159 ||| SHOPLISTING glowing war axe (149 gold, have 114).
  1562 | D:2      | 1562 ||| READING 2 scrolls labelled KEYSIK ZOGH.
  1608 | D:3      | 1608 ||| DROPPING +0 mace of protection.
  1649 | D:3      | You fall into a shaft and drop 2 floors!
  1649 | D:5      | Entered Level 5 of the Dungeon
  1732 | D:5      | Noticed a phantom
  1746 | D:5      | Killed a phantom
  1747 | D:5      | Reached XP level 6. HP: 28/37 MP: 6/6
  1820 | D:5      | Noticed a black bear
  1823 | D:5      | Killed a black bear
  1882 | D:5      | 1882 ||| Stepping ~*~*~tactically~*~*~ (hiding).
  2002 | D:5      | Noticed Eustachio
  2100 | D:5      | HP: 8/39 [shadow imp[Eustachio] (3)]
  2105 | D:5      | HP: 2/39 [iron imp[Eustachio] (8)]
  2111 | D:5      | HP: 2/39 [Eustachio/+0 falchion (2)]
  2112 | D:5      | Slain by Eustachio

Levels and vault maps discovered:
D:1:      wander_arrival_abandoned_jail, layout_basic
D:2:      layout_basic, serial_shops, shop, uniq_jessica
D:3:      layout_basic, mainiacjoe_overflow_six_doors_small,
          dreamdust_ecumenical_altar_drowned_temple, serial_shops, shop,
          nicolae_shop_tiny_statue_garden, shop_fountains, shop,
          nicolae_shop_crystal, minmay_bisected
D:5:      layout_loops_corners, minmay_crystal_room, uniq_menkaure,
          uniq_eustachio

Skill      XL: |  1  2  3  4  5  6 |
---------------+-------------------+-----
Axes           | 2 3 4 5 |  5.1
Throwing       | 2 |  2.2
Fighting       | 4 |  4.6
Armour         | |  3.2
Dodging        | |  0.8
Shields        | |  3.2

Action                     |  1- 3 |  4- 6 || total
---------------------------+-------+-------++-------
  Melee: War axe           |    76 |   166 ||   242
  Throw: Javelin           |       |    18 ||    18
    Use: Scroll            |     2 |     1 ||     3
 Armour: Scale mail        |    28 |   130 ||   158
  Dodge: Dodged            |    30 |    84 ||   114
  Block: Buckler           |    18 |    34 ||    52

Table legend:
 A = Non-vault XP
 B = Vault XP
 C = Vault XP percentage of total XP
 D = Non-vault monster count
 E = Vault monster count
 F = Vault count percentage of total count
                 A         B        C        D         E       F
            +---------+---------+-------+---------+---------+-------
      Total |     540 |      37 |   6.4 |      45 |       1 |   2.2
            +---------+---------+-------+---------+---------+-------
        D:1 |      48 |       0 |   0.0 |      24 |       0 |   0.0
        D:2 |     211 |      37 |  14.9 |      15 |       1 |   6.2
        D:5 |     281 |       0 |   0.0 |       6 |       0 |   0.0
            +---------+---------+-------+---------+---------+-------
